Map: Ruins of Seras

Players

Nuckzer - Winner!

  • Race: Zerg Zerg
  • League: Diamond

turboD

  • Race: Protoss Protoss
  • League: Master

VOD

Have the link to the VOD?

Description

Time

  • Played on: Feb. 10, 2016, 8:48 p.m.
  • Length: 10:48
Show
View Real Time Build Order
Export as new Build Order

Nuckzer Zerg - Winner!

Build Orders: 3 Hatch before Pool 

Get SALT Encoding   

  12  0:01  Drone  
  13  0:09  Drone  
  14  0:17  Overlord  
  14  0:30  Extractor  
  14  0:31  Drone  
  15  0:36  Drone x2  
  17  0:47  Drone  
  18  0:59  Hatchery  
  18  1:03  Drone  
  18  1:06  Drone  
  19  1:27  Hatchery  
  18  1:34  Drone x2  
  20  1:46  Spawning Pool  
  19  1:49  Extractor  
  18  1:55  Drone x2  
  20  2:02  Drone  
  21  2:13  Drone  
  21  2:14  Drone  
  23  2:21  Drone  
  24  2:22  Overlord  
  24  2:32  Queen x2  
  28  2:40  Zergling x2  
  28  2:41  Zergling x2  
  30  2:45  Drone x3  
  30  2:49  Metabolic Boost  
  33  3:00  Drone x3  
  33  3:01  Drone  
  33  3:05  Drone  
  38  3:11  Overlord  
  38  3:12  Drone  
  39  3:20  Evolution Chamber  
  39  3:22  Drone x2  
  39  3:23  Drone  
  41  3:30  Drone x2  
  43  3:49  Drone x5  
  43  3:50  Drone x2  
  43  3:54  Zerg Melee Weapons Level 1, Roach Warren  
  49  3:58  Evolution Chamber  
  49  3:59  Extractor  
  49  4:00  Drone x3  
  50  4:13  Overlord x3  
  50  4:16  Extractor  
  48  4:18  Extractor  
  48  4:20  Zergling x4  
  49  4:31  Zerg Ground Armor Level 1  
  49  4:33  Zergling x18  
  49  4:34  Zergling x2  
  57  4:59  Drone  
  59  5:00  Drone x5  
  59  5:06  Drone  
  62  5:07  Drone x2  
  64  5:15  Overlord x3  
  65  5:21  Drone x2, Hatchery  
  65  5:22  Hatchery  
  65  5:24  Lair  
  64  5:44  Drone x3  
  64  5:45  Drone x7  
  64  5:48  Extractor  
  73  5:50  Extractor  
  72  6:00  Roach  
  72  6:01  Roach x4  
  81  6:07  Overlord x2  
  81  6:15  Roach  
  83  6:31  Zergling x2, Roach x4  
  83  6:32  Zergling x2  
  93  6:39  Zerg Melee Weapons Level 2, Spire  
  90  6:40  Zerg Ground Armor Level 2  
  77  6:47  Ravager x3  
  77  6:53  Zergling x10  
  77  6:54  Zergling x14  
  85  7:12  Zergling x4  
  85  7:13  Zergling x12  
  92  7:26  Zergling x6  
  92  7:27  Zergling x2  
  92  7:29  Zergling x4  
  68  7:41  Drone x3  
  68  7:42  Drone x2  
  72  7:53  Mutalisk x5  
  72  7:54  Mutalisk x2  
  86  8:02  Hatchery  
  85  8:07  Zergling x10  
  85  8:08  Zergling x10  
  86  8:40  Zergling x8  
  86  8:41  Zergling x16  
  74  9:11  Mutalisk x7  
  81  9:20  Drone x3  
  83  9:43  Zergling x2  
  83  9:44  Zergling x18  
  91  9:53  Drone x5  
  91  9:56  Drone  
  97  10:10  Drone x4  
  107  10:48  Spire  
Show
View Real Time Build Order
Export as new Build Order

turboD Protoss 

Build Orders: Nexus First 

Get SALT Encoding   

  12  0:01  Probe (Chrono Boost)  
  13  0:11  Probe (Chrono Boost)  
  14  0:18  Pylon  
  14  0:22  Probe (Chrono Boost)  
  15  0:36  Probe (Chrono Boost)  
  16  0:47  Probe (Chrono Boost)  
  17  0:58  Probe (Chrono Boost)  
  18  1:05  Nexus  
  18  1:10  Probe (Chrono Boost)  
  19  1:18  Forge  
  19  1:22  Probe (Chrono Boost)  
  20  1:30  Assimilator  
  20  1:33  Probe (Chrono Boost)  
  21  1:40  Gateway  
  21  1:45  Probe (Chrono Boost)  
  22  1:53  Photon Cannon  
  22  1:56  Probe (Chrono Boost)  
  23  2:13  Pylon  
  23  2:17  Probe (Chrono Boost)  
  23  2:19  Probe (Chrono Boost)  
  23  2:22  Assimilator  
  25  2:27  Probe (Chrono Boost)  
  25  2:29  Zealot  
  28  2:37  Pylon  
  28  2:49  Cybernetics Core  
  28  2:52  Probe x2 (Chrono Boost), Protoss Ground Weapons Level 1  
  30  3:03  Probe x2 (Chrono Boost)  
  32  3:11  Pylon  
  32  3:13  Probe (Chrono Boost)  
  32  3:14  Probe (Chrono Boost)  
  34  3:24  Probe x2 (Chrono Boost)  
  34  3:25  Robotics Facility  
  34  3:26  Warp Gate  
  36  3:29  Zealot  
  38  3:34  Probe (Chrono Boost)  
  38  3:35  Probe (Chrono Boost)  
  40  3:45  Probe x2 (Chrono Boost)  
  40  3:48  Pylon  
  43  3:55  Probe (Chrono Boost)  
  43  3:56  Probe (Chrono Boost), Stalker  
  46  4:05  Probe (Chrono Boost)  
  46  4:06  Probe (Chrono Boost)  
  46  4:09  Assimilator  
  48  4:14  Immortal (Chrono Boost)  
  48  4:15  Probe  
  53  4:17  Mothership Core  
  55  4:25  Probe  
  56  4:37  Probe  
  56  4:39  Probe  
  56  4:42  Gateway  
  56  4:43  Gateway  
  58  4:48  Immortal (Chrono Boost)  
  58  4:50  Probe  
  63  4:56  Gateway  
  63  4:57  Gateway  
  63  4:59  Gateway  
  61  5:08  Gateway x2  
  61  5:14  Pylon  
  61  5:15  Pylon  
  61  5:16  Pylon  
  61  5:17  Pylon  
  61  5:21  Gateway  
  61  5:22  Warp Prism (Chrono Boost)  
  63  5:40  Pylon  
  63  5:41  Zealot x3  
  69  5:53  Pylon  
  69  5:57  Observer (Chrono Boost)  
  69  5:58  Assimilator  
  70  6:16  Zealot x2  
  70  6:17  Zealot x3  
  70  6:18  Zealot x2  
  68  6:28  Photon Cannon  
  68  6:34  Photon Cannon  
  68  6:41  Zealot x4  
  68  6:42  Zealot x2  
  80  6:54  Zealot  
  80  7:00  Pylon  
  80  7:02  Photon Cannon  
  77  7:11  Zealot x2  
  80  7:17  Zealot  
  80  7:18  Sentry x2  
  70  7:31  Zealot  
  70  7:32  Zealot  
  62  7:40  Probe  
  62  7:42  Probe  
  56  7:50  Probe  
  56  7:55  Photon Cannon  
  56  7:56  Photon Cannon  
  56  7:58  Probe, Immortal (Chrono Boost)  
  61  8:01  Probe  
  61  8:10  Probe, Stalker x2  
  66  8:16  Pylon  
  64  8:25  Zealot  
  64  8:26  Zealot x2  
  70  8:30  Zealot  
  70  8:37  Zealot  
  70  8:39  Zealot x2  
  74  8:47  Zealot x2  
  78  8:51  Zealot  
  74  9:05  Stalker x2  
  74  9:06  Stalker  
  48  10:00  Probe  
  48  10:01  Probe  
  48  10:02  Twilight Council  
  50  10:07  Zealot x4  
  50  10:10  Probe  
  59  10:15  Probe  
  59  10:21  Probe  
  60  10:25  Stalker x2  
  60  10:26  Stalker  
  60  10:27  Probe  
  68  10:31  Probe  
Tags
 
Add a new tag
Caveats
  • Supply blocks, unpowered buildings, or Contaminate may cause inaccurate times.
  • Supply counts are checked every 10 seconds.